 Seeded DCSS version 0.31-a0-233-g139696dc86 (webtiles) character file.

Game seed: 18307740101769335614 (custom seed)

811 timneilson the Slasher (level 7, 0/54 HPs)
             Began as a Demonspawn Gladiator on July 10, 2023.
             Was an Initiate of Qazlal.
             Succumbed to a hornet's poison
             ... on level 5 of the Dungeon.
             The game lasted 00:08:09 (3696 turns).

timneilson the Slasher (Demonspawn Gladiator)       Turns: 3696, Time: 00:08:10

Health: 0/54       AC: 18    Str: 14    XL:     7   Next: 61%
Magic:  2/7        EV:  9    Int:  9    God:    Qazlal [......]
Gold:   232        SH:  5    Dex: 17    Spells: 6/6 levels left

rFire   . . .        a - +0 long sword (venom)
rCold   . . .        (no shield)
rNeg    . . .        l - +0 chain mail
rPois   .            c - +0 helmet
rElec   .            n - +1 cloak
rCorr   .            (no gloves)
SInv    .            g - +0 pair of boots
Will    +....        m - amulet of reflection Stlth
                     j - +4 ring of protection
HPRegen 0.29/turn    (no ring)
MPRegen 0.20/turn

%: reflection, guardian spirit
@: lethally poisoned (0 -> -2), attractive, enlightened, flying, hasted and
slowed, invisible
A: hooves 1, rugged brown scales 1, foul stench 1, magic shield, magic
regeneration
a: Renounce Religion


You were on level 5 of the Dungeon.
You worshipped Qazlal.
Qazlal was noncommittal.
You visited 2 branches of the dungeon, and saw 6 of its levels.

You collected 232 gold pieces.

Inventory:

Hand Weapons
 a - a +0 long sword of venom (weapon)
Missiles
 d - 3 throwing nets (quivered)
 e - a javelin
Armour
 b - the +10 crystal plate armour of the Spider Nest {Int+4}
   (You acquired it on level 1 of the Dungeon)

   Int:       It affects your intelligence (+4).
 c - a +0 helmet (worn)
 g - a +0 pair of boots (worn)
 l - a +0 chain mail (worn)
 n - a +1 cloak (worn)
Jewellery
 j - a +4 ring of protection (left hand)
 m - an amulet of reflection (around neck)
Scrolls
 r - a scroll of blinking
Potions
 k - a potion of haste
 o - a potion of might


   Skills:
 + Level 3.7 Fighting
 * Level 5.0 Long Blades
 - Level 1.7 Throwing
 * Level 3.9 Armour
 * Level 4.9 Dodging


You had 6 spell levels left.
You didn't know any spells.
Your spell library contained the following spells:

 Spells                   Type           Power      Damage    Failure   Level
 Apportation              Tloc           0%         N/A       99%         1
 Necrotise                Necr           0%         1d4       99%         1
 Summon Small Mammal      Summ           0%         N/A       99%         1
 Inner Flame              Hex/Fire       0%         N/A       100%        3
 Flame Wave               Conj/Fire      0%         2d4       100%        4
 Sticky Flame             Conj/Fire      0%         2d3       100%        4
 Storm Form               Tmut/Air       0%         N/A       100%        7
 Maxwell's Capacitive Co  Air            0%         ∞         100%        8


Dungeon Overview and Level Annotations

Branches:
Dungeon (5/15)             Temple (1/1) D:4

Altars:
Ashenzari
Cheibriados
Dithmenos
Fedhas
Gozag
Hepliaklqana
Kikubaaqudgha
Makhleb
Nemelex Xobeh
Okawaru
Qazlal
Ru
Sif Muna
Trog
Uskayaw
Wu Jian
Xom
Yredelemnul

Shops:
D:2 *

Annotations:
D:5 1 transporter, AwFulAwFulPlayer's ghost, weakling DrDe


Innate Abilities, Weirdness & Mutations

You have large cloven feet.
You are partially covered in rugged brown scales. (AC +1, +3% HP)
You may rarely emit foul miasma when damaged in melee.
When hurt, damage is shared between your health and your magic reserves.
You regenerate magic rapidly.


Message History

You are lethally poisoned!
You feel as though you will be slow longer.
You feel much better.
You feel very sick. The hornet stings you!
* * * LOW HITPOINT WARNING * * *
You feel as though you will be slow longer.
The hornet stings you.
* * * LOW HITPOINT WARNING * * *
You feel as though you will be slow longer.
You emit a cloud of foul miasma!
You feel yourself speed up.
* * * LOW HITPOINT WARNING * * *
You feel very sick.
The hornet is engulfed in dark miasma.
The hornet looks even sicker.
The hornet seems to slow down.
The hornet stings you.
You feel as though you will be slow longer.
The hornet is engulfed in dark miasma.
The hornet looks even sicker.
The hornet seems to slow down.
The hornet stings you but does no damage.
You barely miss the hornet.
The hornet is almost dead.
* * * LOW HITPOINT WARNING * * *
You feel sick.
You kill the hornet!
Qazlal accepts your kill.
Your Long Blades skill increases to level 5!
It was a potion of attraction.
You feel attractive to monsters.
You are no longer corroded.
* * * LOW HITPOINT WARNING * * *
You feel sick.
It was a potion of invisibility.
You fade into invisibility!
* * * LOW HITPOINT WARNING * * *
You feel sick.
Okay, then.
It was a potion of enlightenment.
You feel very buoyant.
You fly up into the air.
You die...

#. # ###..# # ....... # .........
# ........############+ #
.©.........>......#....####
######?......?....#......<.
.!$.8##...@.......#........
.....h#...........+...#....
.....h#...........#####....
..#........W#..##########.#......
..#....©....#...#.........#......
..#.........#...#.........#......
..#.........#...'.........#......
..#.........#...###########......
..##8.....8##...###..............


You could see a black bear (unable to see you), a hound and AwFulAwFulPlayer's
ghost (unable to see you).

Vanquished Creatures
  A hornet (D:5)
  A water moccasin (D:4)
  A black bear (D:4)
  2 scorpions (D:4)
  A jelly (D:5)
  2 iguanas (D:4)
  Natasha (D:2)
  8 gnolls (D:3)
  5 adders
  An ufetubus (D:5)
  3 worms
  A dart slug (D:2)
  An orc (D:5)
  10 endoplasms
  2 giant cockroaches
  8 goblins
  3 hobgoblins
  4 quokkas
  6 ball pythons
  5 bats
  7 frilled lizards
  7 kobolds
  4 rats
84 creatures vanquished.

Notes
Turn   | Place    | Note
-------+----------+-------------------------------------------
     0 | D:1      | timneilson the Demonspawn Gladiator began the quest for the
                  | Orb.
     0 | D:1      | Reached XP level 1. HP: 16/16 MP: 1/1
   145 | D:1      | Gained mutation: You regenerate magic rapidly. [demonic
                  | ancestry]
   145 | D:1      | Reached XP level 2. HP: 17/22 MP: 2/2
   266 | D:1      | Found a faded altar of an unknown god.
   455 | D:1      | Identified a scroll of acquirement
   455 | D:1      | Acquired the +10 crystal plate armour of the Spider Nest
                  | {Int+4}
   471 | D:2      | Reached skill level 3 in Long Blades
   497 | D:2      | Reached skill level 1 in Armour
   556 | D:2      | Gained mutation: You are partially covered in rugged brown
                  | scales. (AC +1, +3% HP) [demonic ancestry]
   556 | D:2      | Reached XP level 3. HP: 21/27 MP: 3/3
   793 | D:2      | Found Raqitt's General Store.
   868 | D:2      | Noticed Natasha
   888 | D:2      | Killed Natasha
   927 | D:2      | Gained mutation: You may rarely emit foul miasma when
                  | damaged in melee. [demonic ancestry]
   927 | D:2      | Reached XP level 4. HP: 35/35 MP: 4/4
  1599 | D:3      | Gained mutation: When hurt, damage is shared between your
                  | health and your magic reserves. [demonic ancestry]
  1599 | D:3      | Reached XP level 5. HP: 40/40 MP: 5/5
  1732 | D:3      | Found a basalt altar of Yredelemnul.
  2176 | D:3      | Found a broken altar of Ashenzari.
  2178 | D:3      | Found a stormy altar of Qazlal.
  2274 | D:3      | Found a sparkling altar of Nemelex Xobeh.
  2373 | D:4      | Found a staircase to the Ecumenical Temple.
  2381 | Temple   | Entered the Ecumenical Temple
  2673 | D:4      | Noticed a water moccasin
  2678 | D:4      | Noticed a black bear
  2687 | D:4      | Killed a water moccasin
  2688 | D:4      | Reached skill level 4 in Long Blades
  2688 | D:4      | Gained mutation: You have large cloven feet. [demonic
                  | ancestry]
  2688 | D:4      | Reached XP level 6. HP: 48/48 MP: 6/6
  3020 | D:4      | Reached XP level 7. HP: 42/53 MP: 7/7
  3051 | D:3      | Became a worshipper of Qazlal Stormbringer
  3561 | D:5      | Entered Level 5 of the Dungeon
  3652 | D:5      | Found a transporter.
  3655 | D:5      | Noticed AwFulAwFulPlayer's ghost (weakling DrDe)
  3682 | D:5      | Noticed a hornet
  3693 | D:5      | Killed a hornet
  3694 | D:5      | Reached skill level 5 in Long Blades
  3695 | D:5      | HP: 1/54 [poisoned by a hornet]
  3696 | D:5      | Succumbed to a hornet's poison

Illustrated notes

Levels and vault maps discovered:
D:1:      dpeg_arrival_orchard, layout_basic, hellmonk_ecumenical_altar_blasted,
          minmay_distorted
D:2:      layout_loops_ring, serial_shops, nicolae_shop_tiny_statue_garden,
          kennysheep_donut, uniq_natasha
D:3:      layout_basic, nicolae_overflow_crystal_walls,
          mainiacjoe_overflow_cross_hatched, nicolae_overflow_hidden_temple,
          kennysheep_cross_bottleneck, roderic_filled_cross
D:4:      layout_basic, minmay_temple_entry_tees
D:5:      layout_gridville, gammafunk_ghost_arena, serial_shops, shop
Temple:   regret_index_temple_generic_petals

Skill      XL: |  1  2  3  4  5  6  7 |
---------------+----------------------+-----
Long Blades    | 3 4 5 |  5.0
Dodging        | 3 4 |  4.9
Armour         | 1 2 3 |  3.9
Fighting       | 3 |  3.7
Throwing       | |  1.7

Action                     |  1- 3 |  4- 6 |  7- 9 || total
---------------------------+-------+-------+-------++-------
  Melee: Long sword        |    94 |   163 |    34 ||   291
         Punch             |       |     1 |       ||     1
    Use: Scroll            |     4 |     2 |     6 ||    12
         Potion            |     1 |     2 |     5 ||     8
 Armour: Leather armour    |     7 |       |       ||     7
         Chain mail        |    50 |   116 |    19 ||   185
  Dodge: Dodged            |    29 |    54 |    16 ||    99
  Block: Other             |    10 |    30 |     7 ||    47
         Reflection        |       |     1 |       ||     1

Table legend: (Time is in decaauts)
 A = Elapsed time spent in this place.
 B = Non-inter-level travel time spent in this place.
 C = Inter-level travel time spent in this place.
 D = Time resting spent in this place.
 E = Time spent auto-exploring this place.
 F = Levels seen in this place.
 G = Mean time per level.
                   A        B        C        D        E       F      G
               +--------+--------+--------+--------+--------+-----+--------+
         Total |   3780 |   3650 |    130 |     74 |   2550 |   6 |  630.0 |
       Dungeon |   3543 |   3434 |    109 |     74 |   2347 |   5 |  708.6 |
        Temple |    236 |    215 |     21 |      0 |    203 |   1 |  236.0 |
               +--------+--------+--------+--------+--------+-----+--------+

Top non-repeatable levels by time:
     D:3: 1084 daAuts
     D:4: 1028 daAuts
     D:2: 818 daAuts
     D:1: 472 daAuts
  Temple: 236 daAuts
     D:5: 140 daAuts
